 Dungeon Crawl Stone Soup version 0.29.1-2-gbd0b4ee654 (webtiles) character file.

Game seed: 13327286965996132920

116 GorkyZ the Chopper (level 4, -1/34 HPs)
             Began as a Demonspawn Gladiator on Nov 20, 2022.
             Slain by a hobgoblin (3 damage)
             ... led by Robin
             ... on level 3 of the Dungeon.
             The game lasted 00:06:19 (2164 turns).

GorkyZ the Chopper (Demonspawn Gladiator)           Turns: 2164, Time: 00:06:19

Health: -1/34      AC:  8    Str: 17    XL:     4   Next: 69%
Magic:  4/4        EV: 10    Int:  9    God:
Gold:   212        SH:  0    Dex: 14    Spells: 3/3 levels left

rFire   . . .      SeeInvis .   s - +2 quarterstaff (chaos)
rCold   . . .      Faith    .   (shield currently unavailable)
rNeg    . . .      Spirit   .   l - +0 scale mail
rPois   .          Reflect  .   (helmet restricted)
rElec   .          Harm     .   t - +0 cloak {Will+}
rCorr   .          Rampage  .   f - +0 pair of gloves
Will    +....                   (no boots)
Stlth   ..........              (no amulet)
HPRegen 0.11/turn               (no ring)
MPRegen 0.09/turn               (no ring)

@: no status effects
A: antennae 2
a: no special abilities


You were on level 3 of the Dungeon.
You visited 1 branch of the dungeon, and saw 3 of its levels.

You collected 212 gold pieces.

Inventory:

Hand Weapons
 a - a +0 war axe
 n - the +9 dagger of Xaugogid {flame, +Blink Int+2 Dex+4 Stlth-}
   (You found it on level 2 of the Dungeon)

   It burns those it strikes, dealing additional fire damage.
   Int:       It affects your intelligence (+2).
   Dex:       It affects your dexterity (+4).
   +Blink:    It lets you blink.
   Stlth:     It makes you less stealthy.
 s - a +2 quarterstaff of chaos (weapon)
Missiles
 d - 3 throwing nets (quivered)
 e - a javelin
 o - 4 poisoned darts
Armour
 b - a +0 leather armour
 c - a +0 helmet
 f - a +0 pair of gloves (worn)
 i - a +0 chain mail
 l - a +0 scale mail (worn)
 t - a +0 cloak of willpower (worn)
Scrolls
 p - 2 scrolls of identify {unknown}
 q - a scroll of fear {unknown}
 r - a scroll of teleportation {unknown}
Potions
 g - a potion of magic
 h - a potion of haste {unknown}
 j - 2 potions of brilliance {unknown}
 k - 2 potions of attraction {unknown}
 m - a potion of flight {unknown}


   Skills:
 + Level 2.8 Fighting
 + Level 3.2 Axes
 + Level 2.5 Throwing
 + Level 1.4 Armour
 + Level 3.2 Dodging


You had 3 spell levels left.
You didn't know any spells.
Your spell library was empty.

Dungeon Overview and Level Annotations

Branches:
Dungeon (3/15)

Altars:

Annotations:
D:3 Natasha, Robin


Innate Abilities, Weirdness & Mutations

You have a pair of antennae on your head.


Message History

You kill the goblin!
The goblin hits you with a +0 club.
* * * LOW HITPOINT WARNING * * *
The goblin hits you but does no damage. The goblin hits you with a +0 club.
* * * LOW HITPOINT WARNING * * *
The hobgoblin hits you but does no damage.
The goblin hits you but does no damage.
You completely miss Robin.
The goblin no longer looks unusually strong. x2
The goblin misses you. The goblin hits you but does no damage.
The goblin hits you with a +0 club.
* * * LOW HITPOINT WARNING * * *
The goblin hits you but does no damage. The hobgoblin hits you.
* * * LOW HITPOINT WARNING * * *
The goblin hits you but does no damage.
Robin roars a battlecry!
The goblins go into a battle-frenzy!
You hit Robin but do no damage.
The hobgoblin no longer looks unusually strong.
The goblin barely misses you. The goblin misses you.
The goblin barely misses you. The goblin closely misses you.
The hobgoblin hits you but does no damage.
The goblin barely misses you. Robin closely misses you.
The goblin hits you but does no damage. The hobgoblin closely misses you.
The goblin hits you but does no damage. The goblin barely misses you.
The goblin hits you but does no damage.
Robin roars a battlecry!
The hobgoblin goes into a battle-frenzy!
The goblin closely misses you.
You barely miss the goblin.
The crimson imp blinks!
The goblin closely misses you. The goblin barely misses you. x2
The goblin misses you. The hobgoblin barely misses you.
The goblin barely misses you.
Okay, then.
It was a potion of magic.
Magic courses through your body.
The goblin no longer looks unusually strong. x2
The goblin completely misses you. The goblin hits you but does no damage.
The goblin closely misses you.
The goblin hits you but does no damage. x2
The hobgoblin hits you.
You die...

. ################### ..
....##..........#.. {...
.#.........<......##....
###..............#h.....
##...........gggbl....
#...........g@g# ..
####......>....g#g#..
#...............#.#.# ##.
....####.......##.#.#...
....####.....#.##...#.# #
............).........#..
................#.#......
.....####...##....(...#
.....####..######.....#


You could see Robin, Natasha, a hobgoblin (strong), 5 goblins, a bat and a
frilled lizard.

Vanquished Creatures
  Crazy Yiuf (D:2)
  A gnoll (D:2)
  3 adders
  A worm (D:2)
  2 dart slugs
  4 endoplasms
  2 giant cockroaches
  5 goblins
  4 hobgoblins
  2 jackals (D:2)
  A quokka (D:1)
  8 ball pythons
  2 bats (D:2)
  A frilled lizard (D:2)
  6 kobolds
  5 rats
48 creatures vanquished.

Vanquished Creatures (others)
  2 fungi (D:2)
2 creatures vanquished.

Grand Total: 50 creatures vanquished

Notes
Turn   | Place    | Note
-------+----------+-------------------------------------------
     0 | D:1      | GorkyZ the Demonspawn Gladiator began the quest for the
                  | Orb.
     0 | D:1      | Reached XP level 1. HP: 16/16 MP: 1/1
   289 | D:1      | Gained mutation: You have a pair of small antennae on your
                  | head. [demonic ancestry]
   289 | D:1      | Reached XP level 2. HP: 16/22 MP: 2/2
   549 | D:1      | Found a faded altar of an unknown god.
   765 | D:1      | You fall into a shaft and drop 1 floor!
   992 | D:2      | Reached XP level 3. HP: 25/28 MP: 3/3
   997 | D:2      | Identified the +9 dagger of Xaugogid {flame, +Blink Int+2
                  | Dex+4 Stlth-}
  1442 | D:2      | Reached skill level 1 in Armour
  1678 | D:2      | Found a runed translucent door.
  1679 | D:2      | Noticed Crazy Yiuf
  1685 | D:2      | Killed Crazy Yiuf
  1686 | D:2      | Gained mutation: You have a pair of antennae on your head.
                  | [demonic ancestry]
  1686 | D:2      | Reached XP level 4. HP: 22/34 MP: 1/4
  2148 | D:3      | Noticed Robin
  2149 | D:3      | Noticed Natasha
  2164 | D:3      | Slain by a hobgoblin

Illustrated notes

Levels and vault maps discovered:
D:1:      minmay_arrival_three_doors, layout_basic,
          chequers_ecumenical_altar_grove
D:2:      layout_basic, cheibrodos_gnoll_hut, uniq_crazy_yiuf_cottage
D:3:      minmay_door_path, layout_rooms, vehumet_statue, minmay_circle_x,
          uniq_robin, uniq_natasha

Skill      XL: |  1  2  3 |
---------------+----------+-----
Throwing       | 2 |  2.5
Axes           | 3 |  3.2
Dodging        | 3 |  3.2
Armour         | 1 |  1.4
Fighting       | |  2.8

Action                   |  1- 3 |  4- 6 || total
-------------------------+-------+-------++-------
Melee: War axe           |    41 |       ||    41
       Punch             |     2 |       ||     2
       Dagger            |    41 |       ||    41
       Quarterstaff      |       |    31 ||    31
  Use: Potion            |       |     1 ||     1
 Stab: Sleeping          |     1 |       ||     1
Armor: Leather armour    |     6 |       ||     6
       Chain mail        |     5 |       ||     5
       Scale mail        |    12 |    41 ||    53
Dodge: Dodged            |    47 |    49 ||    96
